 Dungeon Crawl Stone Soup version 0.28.0 (webtiles) character file.

Game seed: 3044308810396205039

17 RighteousDevil the Cudgeller (level 2, 0/28 HPs)
             Began as a Gargoyle Monk on Feb 11, 2022.
             Slain by Natasha (4 damage)
             ... on level 2 of the Dungeon.
             The game lasted 00:01:15 (911 turns).

RighteousDevil the Cudgeller (Gargoyle Monk)         Turns: 911, Time: 00:01:15

Health: 0/28       AC:  7    Str: 14    XL:     2   Next: 62%
Magic:  2/2        EV: 11    Int: 10    God:
Gold:   80         SH:  0    Dex: 12    Spells: 1/1 levels left

rFire   . . .      SeeInvis .   a - +0 mace
rCold   . . .      Faith    .   (no shield)
rNeg    + . .      Spirit   .   l - +0 ring mail
rPois   ∞          Reflect  .   (no helmet)
rElec   +          Harm     .   (no cloak)
rCorr   .          Rampage  .   (no gloves)
Will    .....                   (no boots)
Stlth   ..........              (no amulet)
HPRegen 0.09/turn               (no ring)
MPRegen 0.08/turn               (no ring)

@: berserking, very quick
A: sickness immunity, AC +2, negative energy resistance 1, electricity
resistance, torment resistance 1, petrification resistance
a: no special abilities


You were on level 2 of the Dungeon.
You visited 1 branch of the dungeon, and saw 2 of its levels.

You collected 80 gold pieces.

Inventory:

Hand Weapons
 a - a +0 mace (weapon)
Armour
 l - a +0 ring mail (worn)
Scrolls
 d - a scroll of vulnerability
 e - 2 scrolls of blinking
 f - 2 scrolls of fog
Potions
 b - a potion of mutation {unknown}
 g - a potion of attraction
 h - a potion of invisibility {unknown}


   Skills:
 - Level 3.2 Fighting
 + Level 3.9 Maces & Flails
 - Level 2.4 Dodging
 - Level 2.1 Stealth


You had one spell level left.
You didn't know any spells.
Your spell library was empty.

Dungeon Overview and Level Annotations

Branches:
Dungeon (2/15)

Altars:

Annotations:
D:2 Natasha


Innate Abilities, Weirdness & Mutations

You are immune to sickness and miasma.
Your stone body is resilient. (AC +2)
You are immune to poison.
You resist negative energy. (rN+)
You are resistant to electric shocks. (rElec)
You are resistant to unholy torment.
You are immune to petrification.


Message History

The crimson imp is moderately wounded.
The crimson imp hits you. Natasha closely misses you.
You barely miss the crimson imp.
The crimson imp is moderately wounded.
The crimson imp barely misses you.
Natasha casts a spell.
You hit the crimson imp.
The crimson imp is heavily wounded.
The crimson imp closely misses you.
Natasha howls an incantation.
Natasha shimmers violently.
Natasha claws you but does no damage.
The crimson imp blinks!
The crimson imp barely misses you.
You barely miss Natasha.
Natasha mumbles some strange words.
The crimson imp blinks!
The crimson imp barely misses you.
Natasha stares at you and mumbles some strange words.
The magic dart hits you but does no damage.
You completely miss Natasha. You punch Natasha, but do no damage.
The crimson imp closely misses you. Natasha casts a spell at you.
The magic dart hits you!
You hit Natasha but do no damage.
The crimson imp blinks!
Natasha claws you but does no damage.
You miss Natasha.
Natasha growls.
Natasha claws you but does no damage.
You hit Natasha.
Natasha is moderately wounded.
The crimson imp disappears in a puff of smoke!
Natasha claws you!
* * * LOW HITPOINT WARNING * * *
A red film seems to cover your vision as you go berserk!
You feel yourself moving faster!
You feel mighty!
The crimson imp laughs crazily.
Natasha closely misses you.
You hit Natasha.
Natasha is heavily wounded.
The crimson imp blinks!
Natasha claws you.
You die...

#########
........#
#######.#
#.###########
##.....§..@.#
##########h#
§# .# 5# .#
5# .#


You could see Natasha and 2 crimson imps.

Vanquished Creatures
  A dart slug (D:1)
  2 endoplasms (D:2)
  A goblin (D:1)
  A hobgoblin (D:1)
  A quokka (D:1)
  A ball python (D:1)
  4 bats
  A frilled lizard (D:1)
  A kobold (D:2)
  2 rats
15 creatures vanquished.

Notes
Turn   | Place    | Note
-------+----------+-------------------------------------------
     0 | D:1      | RighteousDevil the Gargoyle Monk began the quest for the
                  | Orb.
     0 | D:1      | Reached XP level 1. HP: 14/14 MP: 1/1
   258 | D:1      | Reached XP level 2. HP: 15/19 MP: 2/2
   898 | D:2      | Noticed Natasha
   900 | D:2      | Noticed a crimson imp
   904 | D:2      | Noticed a crimson imp
   906 | D:2      | Noticed a crimson imp
   911 | D:2      | Slain by Natasha

Illustrated notes

Levels and vault maps discovered:
D:1:      scummos_arrival_checkerplants, layout_rooms, amcnicky_mini_pool_small,
          minmay_pentomino_u4
D:2:      layout_basic, uniq_crazy_yiuf_cottage, uniq_natasha

Action                   || total
-------------------------++-------
Melee: Mace              ||    47
       Punch             ||     3
  Use: Scroll            ||     5
       Potion            ||     3
 Stab: Sleeping          ||     2
Armor: Robe              ||     8
       Ring mail         ||    12
Dodge: Dodged            ||    36
